Map: Dolina kaktusów ER (Void)

Players

OuO - Winner!

  • Race: Protoss Protoss
  • League: Master
  • Spawn Location: 1:00

AbuSe

  • Race: Terran Terran
  • League: Master
  • Spawn Location: 7:00

VOD

Have the link to the VOD?

Description

Time

  • Played on: Jan. 27, 2017, 4:50 p.m.
  • Length: 9:00
Show
View Real Time Build Order
Export as new Build Order

OuO Protoss - Winner!

Build Orders: 1 Gate Expand, Oracle Opening 

Get SALT Encoding   

  12  0:02  Probe (Chrono Boost)  
  13  0:13  Probe (Chrono Boost)  
  14  0:18  Pylon  
  14  0:24  Probe (Chrono Boost)  
  15  0:36  Probe (Chrono Boost)  
  15  0:39  Gateway  
  16  0:44  Assimilator  
  16  0:47  Probe (Chrono Boost)  
  17  0:58  Probe (Chrono Boost)  
  18  1:11  Probe (Chrono Boost)  
  19  1:23  Nexus  
  19  1:37  Probe (Chrono Boost)  
  20  1:43  Cybernetics Core  
  20  1:47  Assimilator  
  20  1:48  Probe (Chrono Boost)  
  21  1:55  Pylon  
  21  1:59  Probe (Chrono Boost)  
  22  2:14  Probe (Chrono Boost)  
  23  2:27  Probe (Chrono Boost)  
  24  2:31  Adept, Stargate  
  24  2:35  Probe (Chrono Boost)  
  26  2:38  Probe (Chrono Boost)  
  27  2:45  Probe (Chrono Boost)  
  27  2:48  Probe (Chrono Boost)  
  29  2:56  Probe (Chrono Boost)  
  28  2:59  Probe (Chrono Boost)  
  28  3:00  Adept  
  30  3:06  Probe (Chrono Boost)  
  30  3:10  Probe (Chrono Boost), Oracle  
  32  3:16  Warp Gate  
  32  3:17  Probe (Chrono Boost)  
  36  3:35  Adept  
  36  3:36  Probe (Chrono Boost)  
  36  3:39  Probe (Chrono Boost)  
  39  3:47  Assimilator  
  41  3:50  Probe (Chrono Boost)  
  41  3:51  Mothership Core (Chrono Boost)  
  41  3:52  Assimilator  
  42  4:00  Probe (Chrono Boost)  
  44  4:11  Probe x2 (Chrono Boost)  
  45  4:21  Probe (Chrono Boost)  
  46  4:28  Pylon  
  46  4:30  Pylon  
  46  4:37  Pylon  
  46  4:39  Pylon  
  46  4:40  Fleet Beacon  
  46  4:41  Stargate  
  46  4:46  Probe (Chrono Boost)  
  46  4:48  Probe (Chrono Boost)  
  48  4:57  Probe (Chrono Boost)  
  45  5:00  Probe (Chrono Boost)  
  45  5:07  Probe (Chrono Boost)  
  45  5:12  Probe (Chrono Boost)  
  47  5:16  Carrier  
  47  5:20  Probe (Chrono Boost)  
  48  5:24  Probe (Chrono Boost), Carrier  
  61  5:30  Protoss Air Weapons Level 1  
  62  5:36  Probe (Chrono Boost)  
  62  5:38  Probe (Chrono Boost)  
  63  5:48  Probe (Chrono Boost)  
  63  5:49  Probe (Chrono Boost)  
  64  6:01  Probe (Chrono Boost)  
  65  6:06  Twilight Council  
  66  6:11  Probe (Chrono Boost)  
  66  6:12  Gateway  
  66  6:15  Gateway  
  66  6:16  Probe (Chrono Boost)  
  66  6:17  Pylon  
  64  6:19  Pylon  
  64  6:27  Pylon  
  64  6:31  Probe (Chrono Boost)  
  64  6:32  Probe (Chrono Boost)  
  66  6:34  Nexus  
  66  6:40  Pylon  
  66  6:43  Carrier  
  66  6:49  Carrier  
  70  6:56  Resonating Glaives  
  74  7:14  Adept x3  
  80  7:18  Templar Archives  
  80  7:20  Graviton Catapult  
  82  7:30  Probe x2 (Chrono Boost)  
  82  7:35  Adept x2, Pylon  
  82  7:36  Adept  
  87  8:05  Probe (Chrono Boost)  
  89  8:07  Probe (Chrono Boost)  
  89  8:12  Robotics Facility  
  89  8:16  Nexus  
  89  8:17  Pylon  
Show
View Real Time Build Order
Export as new Build Order

AbuSe Terran 

Build Orders: Reaper Expand, MMM Bio 

Get SALT Encoding   

  12  0:03  SCV  
  13  0:15  SCV  
  13  0:19  Supply Depot  
  14  0:27  SCV  
  15  0:41  SCV, Barracks  
  16  0:44  Refinery  
  16  0:53  SCV  
  17  1:05  SCV  
  18  1:17  SCV  
  19  1:28  Reaper  
  19  1:29  Orbital Command  
  20  1:42  Command Center  
  20  1:55  SCV  
  20  1:57  Supply Depot  
  20  2:01  Marine  
  22  2:07  SCV  
  23  2:10  Factory  
  23  2:18  Refinery  
  23  2:19  SCV  
  23  2:21  Marine  
  25  2:31  SCV  
  26  2:39  Marine  
  26  2:43  SCV  
  28  2:55  SCV  
  29  2:58  Orbital Command  
  29  3:02  Widow Mine, Starport  
  29  3:03  Marine  
  32  3:07  SCV  
  33  3:19  SCV  
  34  3:23  Engineering Bay  
  34  3:26  SCV  
  35  3:28  Barracks Reactor  
  35  3:31  Widow Mine, SCV  
  38  3:38  Medivac, SCV  
  41  3:44  SCV  
  41  3:47  Supply Depot  
  42  3:51  Missile Turret  
  42  3:52  SCV, Missile Turret  
  43  3:57  SCV  
  43  3:59  Terran Infantry Weapons Level 1  
  43  4:02  Refinery  
  44  4:03  Factory Tech Lab  
  44  4:04  Marine x2  
  44  4:09  Starport Reactor, SCV  
  47  4:18  SCV  
  47  4:22  Marine  
  48  4:25  Barracks  
  48  4:28  SCV  
  47  4:33  Marine  
  47  4:34  Siege Tank  
  47  4:36  Supply Depot, SCV  
  52  4:40  Marine  
  52  4:44  Supply Depot  
  53  4:47  SCV  
  53  4:49  Barracks  
  54  4:58  Medivac x2, Marine x2  
  60  5:01  SCV  
  61  5:10  SCV  
  61  5:13  SCV  
  63  5:15  Marine  
  63  5:16  Marine  
  63  5:17  Barracks Reactor  
  61  5:22  SCV  
  61  5:24  Refinery  
  61  5:25  SCV, Barracks  
  63  5:31  Siege Tank  
  63  5:34  SCV  
  67  5:35  Marine  
  67  5:40  SCV  
  67  5:41  Supply Depot  
  69  5:43  Supply Depot  
  69  5:46  SCV  
  68  5:58  Marine x2  
  68  5:59  Marine  
  68  6:02  Marine  
  68  6:03  Supply Depot, Terran Infantry Armor Level 1, SCV  
  72  6:05  Medivac  
  72  6:06  Barracks Tech Lab  
  72  6:07  Medivac  
  76  6:14  Barracks Tech Lab  
  76  6:20  Marine  
  77  6:27  Siege Tank  
  77  6:28  Stimpack, Supply Depot  
  77  6:29  Supply Depot, Marine x3  
  77  6:32  Barracks  
  83  6:33  Supply Depot  
  83  6:36  Marine  
  83  6:37  Marine  
  83  6:39  Combat Shields  
  85  6:41  Marine  
  85  6:46  SCV x2  
  88  6:47  Liberator  
  88  6:49  Marine  
  88  6:54  Marine, Marauder  
  88  6:57  Marauder  
  88  6:58  SCV  
  88  7:00  Marine  
  95  7:02  Marine  
  95  7:03  Liberator  
  95  7:06  SCV  
  95  7:07  Marine  
  101  7:12  Marine  
  102  7:16  Marine  
  102  7:17  Supply Depot x2, SCV  
  102  7:18  Marine  
  102  7:22  Marine  
  109  7:27  Marine x2  
  109  7:28  Barracks Reactor  
  111  7:30  Marine  
  111  7:34  Marine  
  113  7:40  Marine x2, Liberator  
  113  7:41  Widow Mine  
  117  7:45  Marine x2  
  117  7:48  Marine  
  110  7:52  Marine  
  110  7:58  Marine x2  
  97  8:02  Marine x2  
  86  8:06  Marine  
  86  8:10  Marine, Starport  
  86  8:12  Barracks  
  88  8:13  Marine  
  88  8:14  Marine  
  88  8:16  Marine  
  88  8:19  Marine  
  91  8:22  Marine  
  91  8:24  Medivac  
  91  8:26  Marine x2  
  96  8:32  Marine x3  
  96  8:33  Command Center, Marine  
  101  8:37  Marine  
  101  8:40  Marine  
Tags
 
Add a new tag
Caveats
  • Supply blocks, unpowered buildings, or Contaminate may cause inaccurate times.
  • Supply counts are checked every 10 seconds.